 Dungeon Crawl Stone Soup version 0.28-a0-413-gde365fb1df (webtiles) character file.

Game seed: 8125846177252859139

5301 Ijustatesigmund the Basher (level 10, -7/66 HPs)
             Began as a Gargoyle Fighter on Sept 6, 2021.
             Was a Believer of Cheibriados.
             Mangled by a two-headed ogre (8 damage)
             ... on level 9 of the Dungeon on Sept 7, 2021.
             The game lasted 00:16:49 (11278 turns).

Ijustatesigmund the Basher (Gargoyle Fighter)      Turns: 11278, Time: 00:16:50

Health: -7/66      AC: 20    Str: 25    XL:     10   Next: 63%
Magic:  0/14       EV:  7    Int: 15    God:    Cheibriados [**....]
Gold:   240        SH: 10    Dex: 16    Spells: 9/9 levels left

rFire   + . .      SeeInvis .   a - +2 flail
rCold   + . .      Faith    .   c - +0 kite shield
rNeg    + . .      Spirit   +   b - +0 chain mail
rPois   ∞          Reflect  .   e - +0 helmet
rElec   +          Harm     .   m - scarf {rC+ rF+}
rCorr   .          Rampage  .   g - +1 pair of gloves
Will    .....                   (no boots)
Stlth   ..........              n - amulet of guardian spirit
HPRegen 0.21/turn               (no ring)
MPRegen 0.14/turn               (no ring)

@: very slow
A: sickness immunity, AC +7, negative energy resistance 1, electricity
resistance, torment resistance 1, petrification resistance
a: Renounce Religion, Bend Time


You were on level 9 of the Dungeon.
You worshipped Cheibriados.
Cheibriados was pleased with you.
You visited 2 branches of the dungeon, and saw 10 of its levels.

You collected 350 gold pieces.
You spent 110 gold pieces at shops.

Inventory:

Hand Weapons
 a - a +2 flail (weapon)
Missiles
 d - a throwing net (quivered)
Armour
 b - a +0 chain mail (worn)
 c - a +0 kite shield (worn)
 e - a +0 helmet (worn)
 g - a +1 pair of gloves (worn)
 m - a scarf of resistance (worn)
Jewellery
 n - an amulet of guardian spirit (around neck)
Wands
 h - a wand of iceblast (5)
 o - a wand of charming (22)
 r - a wand of acid (7)
Scrolls
 f - 10 scrolls of identify
 k - a scroll of teleportation
 l - a scroll of immolation
 q - a scroll of torment
Potions
 i - a potion of brilliance
 j - 2 potions of flight
 p - a potion of attraction


   Skills:
 + Level 9.5 Fighting
 + Level 9.6 Maces & Flails
 + Level 6.1 Armour
 - Level 3.1 Dodging
 - Level 4.7 Shields
 + Level 6.6 Invocations


You had 9 spell levels left.
You didn't know any spells.
Your spell library contained the following spells:

 Spells                   Type           Power      Damage    Failure   Level
 Summon Small Mammal      Summ           0%         N/A       99%         1
 Call Canine Familiar     Summ           0%         N/A       100%        3
 Portal Projectile        Hex/Tloc       0%         N/A       100%        3
 Summon Guardian Golem    Hex/Summ       0%         N/A       100%        3
 Blade Hands              Tmut           0%         N/A       100%        5
 Excruciating Wounds      Necr           0%         N/A       100%        5


Dungeon Overview and Level Annotations

Branches:
Dungeon (9/15)             Temple (1/1) D:5            Lair (0/6) D:8
    Orc: D:9-12

Altars:
Cheibriados
Dithmenos
Elyvilon
Fedhas
Gozag
Hepliaklqana
Kikubaaqudgha
Makhleb
Nemelex Xobeh
Okawaru
Qazlal
Ru
Sif Muna
Trog
Uskayaw
Vehumet
Wu Jian
Xom
Yredelemnul
Zin
The Shining One

Shops:
D:5 !

Annotations:
D:7 Dowan, Duvessa


Innate Abilities, Weirdness & Mutations

You are immune to sickness and miasma.
Your stone body is resilient. (AC +7)
You are immune to poison.
You resist negative energy. (rN+)
You are resistant to electric shocks. (rElec)
You are resistant to unholy torment.
You are immune to petrification.


Message History

You hit the two-headed ogre.
The two-headed ogre is moderately wounded.
The two-headed ogre hits you with a +0 giant club!
The two-headed ogre closely misses you.
You thump the two-headed ogre!
The two-headed ogre is heavily wounded.
You block the two-headed ogre's attack. x2
You hit the two-headed ogre.
The two-headed ogre is heavily wounded.
You block the two-headed ogre's attack.
The two-headed ogre hits you with a +0 giant spiked club!
You hit the two-headed ogre.
The two-headed ogre is heavily wounded.
You thump the two-headed ogre!
The two-headed ogre is almost dead.
The two-headed ogre hits you with a +0 giant club.
The two-headed ogre hits you with a +0 giant spiked club!
You are too injured to fight recklessly!
You are too injured to fight recklessly!
You are too injured to fight recklessly!
You are too injured to fight recklessly!
You are too injured to fight recklessly!
You hit the two-headed ogre.
The two-headed ogre is almost dead.
The two-headed ogre closely misses you.
The two-headed ogre hits you with a +0 giant spiked club!!
* * * LOW HITPOINT WARNING * * *
You hit the two-headed ogre but do no damage.
The two-headed ogre is almost dead.
You block the two-headed ogre's attack.
The two-headed ogre hits you but does no damage.
You completely miss the two-headed ogre.
The two-headed ogre is almost dead.
The two-headed ogre hits you with a +0 giant club!
* * * LOW HITPOINT WARNING * * *
You block the two-headed ogre's attack.
You barely miss the two-headed ogre.
The two-headed ogre is almost dead.
The two-headed ogre hits you with a +0 giant club!
You die...

#........+......≈♣≈.≈≈≈≈♣♣
#........####....≈≈.≈≈PP≈≈
####.....#...(..#.≈.≈≈≈≈≈≈
#..........#.#.........
##................≈≈≈≈≈≈
................≈≈≈≈≈≈≈≈
..............<.♣≈≈P≈≈≈≈
..........##.....♣≈≈≈≈≈≈
..#+###@..##.....#≈≈P≈≈≈ .
#.O.........#.♣≈≈≈≈
................≈PP≈
...................≈≈♣
......................♣♣
##......................
#.......##........≈....
#..≈....##.......≈≈....
#.......≈≈....


You could see a two-headed ogre.

Vanquished Creatures
  2 centaur zombies
  A troll (D:8)
  3 wyverns (D:8)
  2 basilisks (D:8)
  3 steam dragons
  5 water moccasins
  2 orc warriors (D:6)
  An ice beast (D:6)
  3 necrophages
  2 ogres
  3 black bears
  2 wolves (D:8)
  3 centaurs (D:8)
  A bullfrog (D:6)
  A gnoll sergeant (D:5)
  2 scorpions
  2 wyvern skeletons
  3 wights (D:9)
  3 killer bees (D:9)
  7 howler monkeys
  5 electric eels (D:9)
  A bullfrog zombie (D:5)
  A hound (D:5)
  3 orc priests
  A bullfrog skeleton (D:5)
  2 jellies
  2 centaur skeletons (D:4)
  6 iguanas
  An orc wizard (D:5)
  A hound zombie (D:5)
  Robin (D:2)
  4 howler monkey zombies
  3 gnolls (D:5)
  7 adders
  A shadow imp (D:7)
  A white imp (D:6)
  An adder skeleton (D:5)
  2 worms
  A dart slug (D:2)
  17 orcs
  4 bats
  6 endoplasms
  2 giant cockroaches
  14 goblins
  7 hobgoblins
  3 quokkas
  5 ball pythons
  4 frilled lizards
  3 kobolds
  5 rats
165 creatures vanquished.

Vanquished Creatures (others)
  An orc (D:7)
  6 fungi (D:8)
  32 plants
39 creatures vanquished.

Grand Total: 204 creatures vanquished

Notes
Turn   | Place    | Note
-------+----------+-------------------------------------------
     0 | D:1      | Ijustatesigmund the Gargoyle Fighter began the quest for
                  | the Orb.
     0 | D:1      | Reached XP level 1. HP: 14/14 MP: 1/1
   228 | D:1      | Found a faded altar of an unknown god.
   392 | D:1      | Reached XP level 2. HP: 19/19 MP: 2/2
   874 | D:2      | Reached XP level 3. HP: 10/24 MP: 3/3
  1183 | D:2      | Noticed Robin
  1631 | D:2      | Killed Robin
  1632 | D:2      | Reached XP level 4. HP: 22/29 MP: 4/4
  2464 | D:3      | Reached XP level 5. HP: 23/34 MP: 5/5
  3622 | D:4      | Reached skill level 5 in Maces & Flails
  3622 | D:4      | Reached XP level 6. HP: 22/40 MP: 6/6
  3777 | D:4      | Found a glowing silver altar of Zin.
  3778 | D:4      | Found a hide-covered altar of Uskayaw.
  3779 | D:4      | Found a shadowy altar of Dithmenos.
  3779 | D:4      | Found an iron altar of Okawaru.
  3779 | D:4      | Found a burning altar of Makhleb.
  3780 | D:4      | Found an ornate altar of the Wu Jian Council.
  3784 | D:4      | Found a sparkling altar of Nemelex Xobeh.
  3903 | D:4      | Reached skill level 5 in Fighting
  4178 | D:4      | Upgraded the game from 0.28-a0-409-g6a72785379 to
                  | 0.28-a0-413-gde365fb1df
  4191 | D:5      | Entered Level 5 of the Dungeon
  4218 | D:5      | Noticed a necrophage
  4227 | D:5      | Killed a necrophage
  4406 | D:5      | Reached XP level 7. HP: 34/44 MP: 4/7
  4865 | D:5      | Found Osataic's Distillery.
  4873 | D:5      | Bought a potion of heal wounds for 55 gold pieces
  4873 | D:5      | Bought a potion of heal wounds for 55 gold pieces
  5586 | D:5      | Reached XP level 8. HP: 45/52 MP: 6/8
  5644 | D:5      | Found a staircase to the Ecumenical Temple.
  5925 | Temple   | Entered the Ecumenical Temple
  5998 | Temple   | Became a worshipper of Cheibriados the Contemplative
  6152 | D:6      | Reached skill level 1 in Invocations
  7359 | D:6      | Reached skill level 1 in Dodging
  7477 | D:6      | Reached XP level 9. HP: 55/57 MP: 11/11
  7704 | D:6      | Reached * piety under Cheibriados
  8257 | D:7      | Noticed Duvessa
  8263 | D:7      | Noticed Dowan
  8466 | D:8      | Found an opulent altar of Gozag.
  8831 | D:8      | Noticed a troll
  8838 | D:8      | Killed a troll
  9073 | D:8      | Reached skill level 5 in Invocations
  9424 | D:8      | Reached XP level 10. HP: 17/65 MP: 3/14
  9468 | D:8      | Reached skill level 5 in Armour
  9858 | D:8      | Reached ** piety under Cheibriados
  9882 | D:8      | Found a staircase to the Lair.
 11264 | D:9      | Noticed a two-headed ogre
 11277 | D:9      | HP: 1/66 [two-headed ogre (13)]
 11278 | D:9      | Mangled by a two-headed ogre

Illustrated notes

Levels and vault maps discovered:
D:1:      zaba_arrival_water, layout_basic, basic_ecumenical_altar
D:2:      layout_rooms, hex_medium, uniq_robin
D:3:      layout_loops_cross, dk_noncrumbling_2, minmay_crystal_room,
          minmay_misc_feat_secret_circle, patterned_corridor
D:4:      layout_loops_ring, minitemple
D:5:      layout_gridville, temple_fountains, serial_shops, shop
D:6:      layout_loops_corners
D:7:      layout_rooms, kennysheep_little_box, uniq_duvessa
D:8:      layout_loops_corners, mainiacjoe_overflow_catwalk,
          minmay_lair_entry_grove
D:9:      layout_basic, serial_bayou_lagoon_b
Temple:   dshaligram_water_room_temple

Skill      XL: |  1  2  3  4  5  6  7  8  9 10 |
---------------+-------------------------------+-----
Maces & Flails | 3 4 5 6 7 9 |  9.6
Fighting       | 4 5 6 7 8 9 |  9.5
Shields        | 4 |  4.7
Invocations    | 3 5 6 |  6.6
Armour         | 4 6 |  6.1
Dodging        | 1 3 |  3.1

Action                   |  1- 3 |  4- 6 |  7- 9 | 10-12 || total
-------------------------+-------+-------+-------+-------++-------
Melee: Flail             |   129 |   147 |   442 |   163 ||   881
Invok: Bend Time         |       |       |     1 |       ||     1
Evoke: Wand              |       |       |     4 |       ||     4
  Use: Potion            |     2 |     3 |     2 |       ||     7
       Scroll            |       |     6 |     7 |     1 ||    14
Armor: Scale mail        |   106 |    48 |       |       ||   154
       Chain mail        |       |    15 |   369 |    92 ||   476
Dodge: Dodged            |    87 |    61 |   143 |    43 ||   334
Block: Buckler           |    38 |    27 |     3 |       ||    68
       Kite shield       |       |       |   241 |    77 ||   318

Table legend: (Time is in decaauts)
 A = Elapsed time spent in this place.
 B = Non-inter-level travel time spent in this place.
 C = Inter-level travel time spent in this place.
 D = Time resting spent in this place.
 E = Time spent auto-exploring this place.
 F = Levels seen in this place.
 G = Mean time per level.
                   A        B        C        D        E       F      G
               +--------+--------+--------+--------+--------+-----+--------+
         Total |  12274 |  11957 |    317 |   3486 |   6361 |  10 | 1227.4 |
       Dungeon |  12175 |  11883 |    292 |   3486 |   6301 |   9 | 1352.8 |
        Temple |     98 |     73 |     25 |      0 |     60 |   1 |   98.0 |
               +--------+--------+--------+--------+--------+-----+--------+

Top non-repeatable levels by time:
     D:8: 2734 daAuts
     D:6: 2394 daAuts
     D:5: 1784 daAuts
     D:3: 1224 daAuts
     D:1: 1133 daAuts
     D:2: 976 daAuts
     D:4: 908 daAuts
     D:9: 747 daAuts
     D:7: 272 daAuts
  Temple: 98 daAuts
